 Dungeon Crawl Stone Soup version 0.29.1-12-g30fa7ad0bf (webtiles) character file.

Game seed: 5397912886179179909

8299 soggyman666 the Thaumaturge (level 11, -4/65 HPs)
             Began as a Djinni Fire Elementalist on Dec 25, 2022.
             Was a Believer of Ashenzari.
             Slain by an orc warrior
             ... wielding a +2 long sword of flaming
              (17 damage)
             ... on level 10 of the Dungeon.
             The game lasted 00:49:33 (13319 turns).

soggyman666 the Thaumaturge (DjFE)                 Turns: 13319, Time: 00:49:34

Health: -4/65      AC:  7    Str:  7    XL:     11   Next: 53%
Gold:   697        EV: 14    Int: 22    God:    Ashenzari [**....] SH:  0 Dex: 13

rFire   + + .      SeeInvis +   (no weapon)
rCold   + . .      Faith    .   (no shield)
rNeg    . . .      Spirit   .   a - +0 robe of Supernal Knowledge {Range, Self} (curse)
rPois   ∞          Reflect  .   (helmet currently unavailable)
rElec   .          Harm     .   q - +2 cloak
rCorr   .          Rampage  .   b - +1 pair of gloves
Will    +....                   (boots unavailable)
Stlth   ++++......              D - amulet of regeneration
HPRegen 1.00/turn               d - ring of Curses and Power {rC+, Cun, Evo} (curse)
MPRegen 0.00/turn               v - ring of the Eternal Sky {rC+, Self, Range} (curse)

@: appendages, flying, studying Stealth
A: horns 2, flying, sickness immunity, fire resistance 2, cold vulnerability 1,
float, innate caster, HP casting, extra vitality 1
a: End Transformation, Renounce Religion, Shatter the Chains


You were on level 10 of the Dungeon.
You worshipped Ashenzari.
Ashenzari was pleased with you.
You had temporarily grown beastly horns.
You visited 1 branch of the dungeon, and saw 10 of its levels.
You also visited: Ossuary.

You collected 697 gold pieces.

Inventory:

Missiles
 w - a throwing net
Armour
 a - the cursed +0 robe of Supernal Knowledge (worn) {Range, Self}

   It has a curse which improves the following skills: Ranged Combat: Ranged
   Weapons and Throwing.
   Introspection: Fighting and Spellcasting.
 b - a +1 pair of gloves (worn)
 n - a +0 hat (melded)
 q - a +2 cloak (worn)
Jewellery
 d - the cursed ring of Curses and Power (left hand) {rC+, Cun, Evo}
   (You found it on level 2 of the Dungeon)

   [ring of protection from cold]

   rC:        It protects you from cold.
   It has a curse which improves the following skills: Cunning: Dodging and
   Stealth.
   Evocations: Evocations.
 i - a ring of fire
 o - a ring of see invisible
 v - the cursed ring of the Eternal Sky (right hand) {rC+, Self, Range}
   (You found it on level 6 of the Dungeon)

   [ring of protection from cold]

   rC:        It protects you from cold.
   It has a curse which improves the following skills: Introspection: Fighting
   and Spellcasting.
   Ranged Combat: Ranged Weapons and Throwing.
 B - a ring of protection from cold
 C - a ring of ice
 D - an amulet of regeneration (around neck)
Wands
 x - a wand of iceblast (22)
Scrolls
 c - a scroll of enchant armour
 e - 4 scrolls of magic mapping
 g - 6 scrolls of teleportation
 m - a scroll of fear
 p - a scroll of immolation
 r - a scroll of brand weapon
 s - 3 scrolls of poison
 u - 8 scrolls of identify
 y - a scroll of fog
 F - a scroll of summoning
Potions
 f - 2 potions of haste
 h - 7 potions of curing
 j - a potion of ambrosia
 k - a potion of heal wounds
 t - 2 potions of resistance
 z - 2 potions of brilliance
 A - 2 potions of invisibility
Miscellaneous
 l - a phantom mirror


   Skills:
 * Level 5.2(6.4) Dodging
 * Level 7.4(8.7) Stealth
 + Level 12.3(14.1) Spellcasting


You had 11 spell levels left.
You knew the following spells:

 Your Spells              Type           Power      Damage    Failure   Level
a - Foxfire               Conj/Fire      100%       2x1d9     0%          1
b - Scorch                Fire           100%       2d10      1%          2
c - Conjure Flame         Conj/Fire      67%        6-21      1%          3
d - Inner Flame           Hex/Fire       67%        N/A       1%          3
e - Flame Wave            Conj/Fire      67%        2d15      1%          4
f - Beastly Appendage     Tmut           100%       N/A       0%          1
g - Passwall              Tmut/Erth      55%        N/A       1%          2
h - Mephitic Cloud        Conj/Pois/Air  67%        N/A       1%          3
i - Fulminant Prism       Conj/Hex       33%        3d16      1%          4
j - Airstrike             Air            33%        2d(5-21)  1%          4
Your spell library was empty.

Dungeon Overview and Level Annotations

Branches:
Dungeon (10/15)            Temple (0/1) D:5            Lair (0/5) D:10
    Orc (0/2) D:10        Ossuary (visited)

Altars:
Ashenzari
Fedhas
Nemelex Xobeh
Okawaru
Uskayaw
Wu Jian
The Shining One
Jiyva

Shops:
D:9 [   D:10 [!

Portals:
Trove: D:10 (give +6 demon blade)

Annotations:
D:9 3 runed translucent doors, wormed's ghost, journeyman KoMo


Innate Abilities, Weirdness & Mutations

You have temporarily grown beastly horns.
You are flying.
You are immune to sickness and miasma.
You are immune to poison.
Your flesh is very heat resistant. (rF++)
You are vulnerable to cold. (rC-)
You float through the air rather than walking.
You learn spells naturally, not from books.
Your magical power is your life essence.
You have superior vitality. (+4 MHP)


Message History

Flames lash the boulder beetle.
Flame seeps out of the boulder beetle.
The boulder beetle is severely wounded.
The boulder beetle's fire resistance burns away.
An ice beast comes into view.
Casting: Scorch (safe; 1% risk of failure)
Confirm with . or Enter, or press ? or * to list all spells.
You extend your transformation's duration.
Casting: Beastly Appendage (safe; 0% risk of failure)
Confirm with . or Enter, or press ? or * to list all spells.
You extend your transformation's duration.
The boulder beetle is no longer more vulnerable to fire.
The orc warrior attacks as you move away!
The orc warrior hits you with a +2 long sword of flaming!
An orc wizard comes into view. It is wielding a +0 dagger.
The orc warrior attacks as you move away!
The orc warrior hits you with a +2 long sword of flaming!
The orc warrior burns you.
The boulder beetle seems less confused.
An orc comes into view. It is wielding a +0 morningstar.
The boulder beetle curls into a ball and begins rolling!
The orc warrior attacks as you move away!
The orc warrior hits you with a +2 long sword of flaming!
* * * LOW HITPOINT WARNING * * *
The orc warrior burns you.
* * * LOW HITPOINT WARNING * * *
As you read the scroll of fog, it crumbles to dust.
The scroll dissolves into smoke.
The orc warrior closely misses you.
The orc warrior attacks as you move away!
The orc warrior hits you with a +2 long sword of flaming.
* * * LOW HITPOINT WARNING * * *
The orc warrior attacks as you move away!
The orc warrior hits you with a +2 long sword of flaming!
* * * LOW HITPOINT WARNING * * *
The orc warrior burns you.
* * * LOW HITPOINT WARNING * * *
Casting: Beastly Appendage (safe; 0% risk of failure)
Confirm with . or Enter, or press ? or * to list all spells.
You extend your transformation's duration.
* * * LOW HITPOINT WARNING * * *
The orc warrior hits you with a +2 long sword of flaming!
You die...

*####* ######### ##....#######
###.......# #...........#
#.......... #...........##
#.#..#.#..# #.#...~~~.§§§##
#.#.......# #.#).~~~~~§§§§#
#.#..#.#...
#.#..~~~~~.§#§###.#.......#
#######.#..~≈~≈~@oY§§§§..oB°○○...
#...........~~~§§§########o.#####
~.###.###..~~.§§§§# ##.# #.
~.###.# #.........# **#.#**#.
.~....# ##.###.#### *,..o,,,,
#~##### #.###.######** *,#.##*,,
#≈# #............* *,#.###,, ~≈##
############.***,#...,,, ~..#
*,,,,,#...,,,


You could see an orc warrior and an ice beast.

Vanquished Creatures
  Harold (D:10)
  Maggie (D:10)
  A komodo dragon (D:10)
  A troll (D:10)
  A polar bear (D:10)
  A shadow (D:7)
  A yak (D:10)
  A vampire (D:9)
  5 wyverns (D:10)
  A basilisk (D:10)
  Eustachio (D:5)
  A steam dragon (D:9)
  An unseen horror simulacrum (D:10)
  4 water moccasins
  Duvessa (D:5)
  2 black bears (D:10)
  2 orc warriors (D:7)
  6 ice beasts
  2 ogres (D:5)
  2 wolves (D:10)
  3 centaurs
  2 phantoms
  2 kobold brigands
  2 elf zombies (Ossuary)
  A bullfrog (D:9)
  A gnoll sergeant (D:10)
  A necrophage (D:8)
  4 scorpions
  11 wights
  Dowan (D:5)
  6 killer bees (D:8)
  4 howler monkeys
  3 electric eels (D:10)
  A jelly (D:8)
  A centaur zombie (Ossuary)
  4 hounds
  4 orc priests
  Crazy Yiuf (D:3)
  A human zombie (Ossuary)
  An iguana (D:4)
  6 orc wizards
  2 centaur simulacra (D:10)
  2 mummies (Ossuary)
  4 gnolls (D:10)
  12 adders
  A shadow imp (D:7)
  A white imp (D:10)
  5 ufetubi
  A worm (D:2)
  2 dart slugs
  27 orcs
  10 bats
  6 endoplasms
  3 giant cockroaches
  9 goblins
  4 hobgoblins
  4 jackals (D:2)
  13 kobolds
  6 quokkas
  7 ball pythons
  6 frilled lizards
  2 goblin zombies (Ossuary)
  13 hobgoblin zombies (Ossuary)
  A jackal zombie (Ossuary)
  8 kobold zombies (Ossuary)
  8 orc zombies (Ossuary)
  12 rats
  A bush (D:3)
  A fulminant prism (D:10)
267 creatures vanquished.

Vanquished Creatures (collateral kills)
  A foxfire (D:10)
1 creature vanquished.

Vanquished Creatures (others)
  607 foxfires
  22 fulminant prisms
  2 fungi (D:3)
  11 plants (D:10)
642 creatures vanquished.

Grand Total: 910 creatures vanquished

Notes
Turn   | Place    | Note
-------+----------+-------------------------------------------
     0 | D:1      | soggyman666 the Djinni Fire Elementalist began the quest
                  | for the Orb.
     0 | D:1      | soggyman666 set off with the following spells memorised:
                  | Foxfire, Scorch, Conjure Flame, Inner Flame, Flame Wave.
     0 | D:1      | Reached XP level 1. HP: 15/15 MP: 0/0
   366 | D:1      | Reached XP level 2. HP: 14/21 MP: 0/0
   908 | D:1      | Reached skill level 3 in Spellcasting
  1091 | D:1      | Reached XP level 3. HP: 19/25 MP: 0/0
  1091 | D:1      | Learned a level 1 spell: Beastly Appendage
  2595 | D:2      | Reached XP level 4. HP: 14/31 MP: 0/0
  2956 | D:2      | Found a hide-covered altar of Uskayaw.
  3370 | D:3      | Reached XP level 5. HP: 17/35 MP: 0/0
  3370 | D:3      | Learned a level 2 spell: Passwall
  3699 | D:3      | Reached skill level 4 in Spellcasting
  4236 | D:3      | Found a faded altar of an unknown god.
  4273 | D:3      | Found a runed translucent door.
  4274 | D:3      | Noticed Crazy Yiuf
  4624 | D:3      | Killed Crazy Yiuf
  5429 | D:4      | Reached XP level 6. HP: 34/40 MP: 0/0
  5618 | D:4      | Reached skill level 5 in Spellcasting
  6156 | D:4      | Found a broken altar of Ashenzari.
  6260 | D:4      | Reached XP level 7. HP: 35/45 MP: 0/0
  6260 | D:4      | Learned a level 3 spell: Mephitic Cloud
  6370 | D:4      | Became a worshipper of Ashenzari the Shackled
  6595 | D:5      | Entered Level 5 of the Dungeon
  6608 | D:5      | Reached skill level 6 in Spellcasting
  6844 | D:5      | Reached XP level 8. HP: 26/50 MP: 0/0
  6906 | D:5      | Noticed Duvessa
  6913 | D:5      | Noticed Dowan
  6915 | D:5      | Killed Duvessa
  7214 | D:5      | Killed Dowan
  7215 | D:5      | Reached skill level 7 in Spellcasting
  7769 | D:5      | Noticed Eustachio
  7782 | D:5      | Killed Eustachio
  7915 | D:5      | Identified the +4 scale mail of Wosaoc {rF++}
  8308 | D:5      | Found an ornate altar of the Wu Jian Council.
  8365 | D:5      | Found a staircase to the Ecumenical Temple.
  8727 | D:6      | Reached XP level 9. HP: 50/55 MP: 0/0
  8727 | D:6      | Learned a level 4 spell: Fulminant Prism
  8732 | D:6      | Reached skill level 8 in Spellcasting
  8787 | D:6      | Found a sand-covered staircase.
  8795 | Ossuary  | Entered an ossuary
 10077 | D:6      | Found a blossoming altar of Fedhas.
 10077 | D:6      | Found a sparkling altar of Nemelex Xobeh.
 10158 | D:7      | Found an iron altar of Okawaru.
 10475 | D:7      | Reached skill level 9 in Spellcasting
 10561 | D:7      | Reached skill level 5 in Stealth
 10764 | D:7      | Found a glowing golden altar of the Shining One.
 11192 | D:8      | Reached XP level 10. HP: 52/60 MP: 0/0
 11277 | D:8      | Reached skill level 10 in Spellcasting
 11965 | D:9      | Reached * piety under Ashenzari
 12137 | D:9      | Found a runed translucent gate.
 12137 | D:9      | Found a runed translucent gate.
 12137 | D:9      | Found a runed translucent gate.
 12138 | D:9      | Noticed wormed's ghost (journeyman KoMo)
 12198 | D:9      | Found Edetzec's Armour Boutique.
 12410 | D:9      | Found a viscous altar of Jiyva.
 12438 | D:10     | Entered Level 10 of the Dungeon
 12474 | D:10     | Reached skill level 11 in Spellcasting
 12539 | D:10     | Found Saittosk's Antique Armour Emporium.
 12548 | D:10     | Noticed a komodo dragon
 12553 | D:10     | Found a staircase to the Orcish Mines.
 12661 | D:10     | Reached XP level 11. HP: 46/65 MP: 0/0
 12661 | D:10     | Learned a level 4 spell: Airstrike
 12694 | D:10     | Found a staircase to the Lair.
 12774 | D:10     | Found a portal to a secret trove of treasure.
 12930 | D:10     | Noticed Maggie
 12933 | D:10     | Killed Maggie
 12934 | D:10     | Reached skill level 12 in Spellcasting
 13062 | D:10     | Reached skill level 5 in Dodging
 13191 | D:10     | Reached ** piety under Ashenzari
 13235 | D:10     | Noticed Harold
 13247 | D:10     | Killed Harold
 13275 | D:10     | Found Horoesio's Distillery.
 13277 | D:10     | Noticed a boulder beetle
 13319 | D:10     | Slain by an orc warrior

Illustrated notes

Levels and vault maps discovered:
D:1:      dpeg_arrival_chambers_temple_mockup, layout_basic, minmay_door_square
D:2:      layout_loops_cross, basic_altar, minmay_pentomino_pile
D:3:      minmay_spotlight, layout_rooms,
          dreamdust_ecumenical_altar_angels_and_demons, serial_park_tiny_1,
          uniq_crazy_yiuf_cottage
D:4:      layout_loops_ring, nicolae_ashenzari_panopticon
D:5:      layout_cave_pods, pdpol_wu_jian_five_deadly_venoms,
          minmay_temple_entry_wispy, nicolae_concentric_dashed_squares_wild,
          grunt_ministairs_1, uniq_eustachio, uniq_duvessa
D:6:      layout_loops_ring, grunt_temple_overflow_open,
          chequers_ossuary_entry_cave
D:7:      layout_loops_ring, tso_altar, mainiacjoe_overflow_tiny_flanked,
          minmay_fountain_box, grunt_decor_resistance,
          ebering_dispersal_statue_hall
D:8:      layout_layer_cave
D:9:      layout_long_grid, gammafunk_ghost_ooze, serial_shops,
          nicolae_shop_advertising_works [nicolae_subvault_shop_adworks]
D:10:     gammafunk_beogh_shrine, layout_loops_ring, minmay_lair_entry_grove,
          serial_shops, nicolae_shop_competitors_out_of_business, shop,
          serial_ice, serial_ice_k, serial_ice_d, serial_ice_b, serial_ice_g,
          serial_ice_e, serial_ice_m, serial_ice_f, enter_trove_6, uniq_maggie,
          uniq_harold

Skill      XL: |  1  2  3  4  5  6  7  8  9 10 11 |
---------------+----------------------------------+-----
Spellcasting   | 3 4 5 6 7 9 11 12 | 12.3
Stealth        | 2 3 5 6 7 |  7.4
Dodging        | 3 4 5 |  5.2

Action                   |  1- 3 |  4- 6 |  7- 9 | 10-12 || total
-------------------------+-------+-------+-------+-------++-------
Melee: Unarmed           |       |     5 |       |       ||     5
 Cast: Foxfire           |   119 |   113 |    61 |    81 ||   374
       Scorch            |    11 |    32 |    57 |    35 ||   135
       Flame Wave        |       |     6 |     1 |     2 ||     9
       Inner Flame       |       |     2 |    48 |    47 ||    97
       Mephitic Cloud    |       |       |     5 |     2 ||     7
       Conjure Flame     |       |       |     1 |       ||     1
       Fulminant Prism   |       |       |    12 |    11 ||    23
       Beastly Appendage |       |       |     1 |     6 ||     7
       Airstrike         |       |       |       |    14 ||    14
       Passwall          |       |       |       |     1 ||     1
Invok: Curse Item        |       |       |     1 |     2 ||     3
  Use: Scroll            |     3 |     2 |     8 |     6 ||    19
Armor: Robe              |     3 |     4 |     3 |     3 ||    13
Dodge: Dodged            |     6 |     5 |    15 |    20 ||    46
